 Dungeon Crawl Stone Soup version 0.14-a0-1663-g0b35444 (webtiles) character file.

90787 PolkaDot the Maledictor (level 15, -17/90 HPs)
             Began as a Vampire Enchanter on Dec 29, 2013.
             Was a High Priest of Ashenzari.
             Hit by a tomahawk thrown by a merfolk (26 damage)
             ... on Level 5 of the Shoals.
             The game lasted 02:44:43 (27796 turns).

PolkaDot the Maledictor (Vampire Enchanter)        Turns: 27796, Time: 02:44:43

HP -17/90        AC  0     Str  3      XL: 15   Next: 49%
MP   5/27        EV 24     Int 17      God: Ashenzari [*****.]
Gold 1430        SH  0     Dex 25      Spells:  8 memorised,  0 levels left

rFire  . . .     SeeInvis +     a - melded +1,+2 dagger (stab) (curse)
rCold  + + .     Clarity  +     G - melded +5 steam dragon armour (curse)
rNeg   + + +     Conserve .     (shield currently unavailable)
rPois  +         rCorr    .     r - melded +0 wizard hat (curse)
rElec  .         rRot     +     q - melded -1 cloak (curse)
SustAb . .       Spirit   .     j - melded +2 pair of elf gloves
rMut   .         Warding  .     o - melded +0 pair of boots (curse)
Saprov . . .     Stasis   .     (no amulet)
                                l - melded ring of Dydd {rF+ MR}
                                p - melded cursed ring of protection from cold

@: bat-form, non-regenerating, flying, very slightly contaminated, very quick,
quite resistant to hostile enchantments, uncannily stealthy
A: bottle blood, (fangs 0), thin skeletal structure 1, see invisible,
(unbreathing)
a: Bottle Blood, End Transformation, Scrying, Transfer Knowledge, Renounce
Religion


You were on level 5 of the Shoals.
You worshipped Ashenzari.
Ashenzari was extremely pleased with you.
You were bloodless.
You were in vampire bat-form.
You visited 4 branches of the dungeon, and saw 25 of its levels.

You collected 1560 gold pieces.
You spent 130 gold pieces at shops.

Inventory:

Hand weapons
 a - a cursed +1,+2 dagger of stabbing (melded)
Armour
 j - a +2 pair of elven gloves (melded)
 o - a cursed +0 pair of boots (melded)
 q - a cursed -1 cloak (melded)
 r - a cursed +0 wizard hat (melded)
 G - a cursed +5 steam dragon armour (melded)
Magical devices
 g - a wand of disintegration (13)
 t - a wand of paralysis (6)
Scrolls
 b - a scroll of identify
 d - 2 scrolls of vulnerability
 e - 2 scrolls of curse armour
 h - 4 scrolls of teleportation
 k - 4 scrolls of fog
 y - a scroll of blinking
 F - 2 scrolls of fear
Jewellery
 i - an uncursed ring of wizardry
 l - the ring of Dydd (melded) {rF+ MR}
   (You found it on level 5 of the Shoals)

   [ring of protection from magic]

   It protects you from fire.
 p - a cursed ring of protection from cold (melded)
Potions
 f - a potion of lignification
 m - 2 potions of heal wounds
 n - 4 potions of restore abilities
 x - 2 potions of brilliance
 B - a potion of might
 E - a potion of speed
Books
 C - a book of Conjurations

   Spells                             Type                      Level
   Magic Dart                         Conjuration                  1
   Searing Ray                        Conjuration                  2
   *Dazzling Spray                    Conjuration/Hexes            3
   Iskenderun's Mystic Blast          Conjuration                  4
   Iskenderun's Battlesphere          Conjuration/Charms           4
   Fulminant Prism                    Conjuration/Hexes            5


   Skills:
 - Level 9.2(13.1) Short Blades
 - Level 0.7 Throwing
 - Level 2.1(4.2) Dodging
 + Level 20.2(22.1) Stealth
 - Level 5.1 Spellcasting
 * Level 25.1 Hexes
 + Level 10.1 Charms


You couldn't memorise any spells.
You knew the following spells:

 Your Spells              Type           Power        Failure   Level  Hunger
a - Corona                Hex            ######.      1%          1    None
b - Sure Blade            Hex/Chrm       ######....   1%          2    #......
c - Confuse               Hex            ######..     1%          3    ###....
d - Ensorcelled Hibernat  Hex/Ice        #####.       1%          2    #......
e - Enslavement           Hex            ######..     1%          4    ####...
i - Invisibility          Hex            ######..     1%          6    #######
r - Regeneration          Chrm/Necr      ###.......   21%         3    ###....
s - Dazzling Spray        Conj/Hex       #####...     2%          3    ###....


Dungeon Overview and Level Annotations

Branches:
Dungeon (11/16)            Temple (1/1) D:6             Orc (0/4) D:10
   Lair (8/8) D:10         Shoals (5/5) Lair:4       Spider (0/5) Lair:3
  Slime: Lair:6-8

Altars:
Ashenzari
Cheibriados
Elyvilon
Fedhas
Kikubaaqudgha
Makhleb
Nemelex Xobeh
Okawaru
Sif Muna
Trog
Vehumet
Xom
Yredelemnul
Zin
the Shining One

Shops:
D:6 [   Shoals:4 (}?

Annotations:
Lair:7 exclusion: door
Shoals:5 Rupert


Innate Abilities, Weirdness & Mutations

You do not heal naturally.
You can bottle blood from corpses.
((You have razor-sharp teeth.))*
You have supernaturally acute eyesight.
((You can survive without breathing.))*
You have a somewhat thin skeletal structure (Dex +2, Stlth).


Message History

Aim: a merfolk impaler, wielding a runed trident, wearing a robe and wearing an uncursed ring of protection from magic (lightly wounded)
The merfolk impaler resists with almost no effort.
* * * LOW MAGIC WARNING * * *
The merfolk impaler drinks a potion.
The merfolk impaler goes berserk!
The merfolk throws a tomahawk.
The tomahawk hits you!
Use which ability? (? or * to list)
You turn into a vampire bat.
Your cursed +1,+2 dagger of stabbing melds into your body.
Your cursed -1 cloak melds into your body.
Your cursed +0 wizard hat melds into your body.
Your +2 pair of elven gloves melds into your body.
Your cursed +0 pair of boots melds into your body.
Your cursed +5 steam dragon armour melds into your body.
Your cursed ring of protection from cold melds into your body.
The ring of Dydd {rF+ MR} melds into your body.
* * * LOW MAGIC WARNING * * *
The merfolk impaler hits you with a runed trident!
* * * LOW HITPOINT WARNING * * *
The merfolk throws a tomahawk.
The tomahawk hits you!
You die...

≈≈≈ ≈≈≈≈≈ ≈ ≈ ≈≈≈ ≈≈ ≈ ≈
≈≈≈≈≈≈≈≈≈ ≈ ≈ ≈≈≈≈
≈≈≈≈≈≈≈≈≈≈≈ ≈ ≈≈ ≈ ≈ ≈ ≈ ≈
≈≈≈≈≈≈≈≈≈≈≈≈≈ ≈ ≈≈ ≈ ≈ ≈≈≈≈ ≈
≈≈≈≈≈≈≈≈≈≈≈≈≈≈≈≈ ≈ ≈≈
≈≈≈≈≈≈....≈≈≈≈≈≈≈≈ ≈ ≈≈≈ ≈ ≈
≈≈≈≈.....≈≈≈≈≈≈≈ ≈≈ ≈≈
≈≈≈≈≈≈≈.....m≈≈≈≈≈≈≈ ≈≈≈≈≈≈ ≈
≈≈≈≈≈≈≈≈.m.b.≈≈≈≈≈≈≈≈≈ ≈ ≈≈
≈≈≈ ≈≈≈≈≈≈≈≈≈≈.....≈≈≈≈≈≈≈≈≈≈
≈≈ ≈ ≈≈≈≈≈≈≈≈≈≈≈......≈≈≈≈≈≈
≈≈ ≈
≈≈≈≈≈≈≈≈≈≈≈≈≈.$......≈≈≈≈≈≈≈≈
≈ ≈≈≈≈≈≈≈≈≈≈≈.........≈### *
≈≈≈m≈≈≈≈≈≈≈≈≈........#[≈≈≈≈*
≈≈≈≈
≈≈≈≈≈≈≈...≈≈≈.......#≈#≈≈≈ *
≈≈≈≈≈≈≈.#.≈≈..^....#m#!≈≈* ,≈
≈ ≈≈≈≈≈≈≈...≈≈≈....).#≈≈≈≈#≈
, * ≈


You could see a merfolk impaler (berserk) and 2 merfolk.

Vanquished Creatures
  Polyphemus (Shoals:5)
  A kraken (Shoals:2)
  Frances (Shoals:4)
  Ilsuiw (Shoals:5)
  Donald (Shoals:3)
  The ghost of Egregious the Warrior, a mighty TeFi of Okawaru (Lair:6)
  3 merfolk javelineers
  4 merfolk impalers
  A fire dragon (Lair:8)
  8 sirens
  4 merfolk aquamancers
  4 hydras
  6 death yaks
  A catoblepas (Shoals:5)
  9 sea snakes
  A lindwurm (Lair:8)
  The ghost of Mygna the Basher, an experienced GrSk of Ashenzari (D:8)
  A wolf spider (Lair:6)
  13 harpies
  A hill giant (D:9)
  An oklob plant (Shoals:4)
  2 octopodes
  6 spiny frogs
  3 black mambas
  16 mermaids
  5 fire drakes
  A troll (D:10)
  7 komodo dragons
  A jumping spider (Lair:3)
  11 blink frogs
  14 snapping turtles
  A grizzly bear (Lair:7)
  56 yaks
  An elephant slug (Lair:3)
  46 merfolk
  7 sharks
  9 hippogriffs
  13 manticores
  14 wolves
  2 steam dragons (D:10)
  A mottled dragon (Lair:8)
  15 porcupines
  A swamp drake (Lair:8)
  A sky beast (D:10)
  2 ice beasts (D:8)
  3 black bears
  5 orc warriors (D:10)
  5 tengu (Shoals:1)
  3 giant goldfish
  A phantom (D:8)
  8 centaurs
  6 ogres
  14 crocodiles
  A boring beetle (Lair:4)
  A big kobold (D:10)
  11 water moccasins
  Blork the orc (D:9)
  3 giant slugs
  14 giant frogs
  2 gnoll sergeants
  8 agate snails
  A jellyfish (Lair:8)
  A hippogriff zombie (D:9)
  3 wights (D:8)
  5 electric eels
  A goliath beetle (D:11)
  7 crimson imps
  5 hounds
  7 big fish
  A giant frog skeleton (D:4)
  6 orc priests
  2 scorpions
  7 orc wizards
  A gnoll shaman (D:8)
  14 iguanas
  8 worker ants
  6 sheep (Lair:3)
  A hound skeleton (D:4)
  A mummy (D:8)
  27 green rats
  23 adders
  26 gnolls
  3 giant centipedes
  2 giant mites
  9 worms
  A giant centipede zombie (D:9)
  An iguana skeleton (D:5)
  2 giant eyeballs (D:4)
  An ooze (D:2)
  32 orcs
  2 ball pythons
  5 giant cockroaches
  11 hobgoblins
  16 jackals
  13 kobolds
  12 quokkas
  22 bats
  3 giant geckos
  5 giant newts
  A giant spore (D:9)
  13 goblins
  2 hobgoblin zombies (D:8)
  A kobold skeleton (D:4)
  A kobold zombie (D:8)
  An orc zombie (D:8)
  A quokka zombie (D:6)
  26 rats
  A rat skeleton (D:4)
725 creatures vanquished.

Vanquished Creatures (collateral kills)
  A spiny frog (Lair:1)
1 creature vanquished.

Vanquished Creatures (others)
  A rat (D:6)
  2 fungi (Lair:7)
  7 plants
  16 tentacles
  116 tentacle segments
142 creatures vanquished.

Grand Total: 868 creatures vanquished

Notes
Turn   | Place    | Note
--------------------------------------------------------------
     0 | D:1      | PolkaDot, the Vampire Enchanter, began the quest for the Orb.
     0 | D:1      | Reached XP level 1. HP: 13/13 MP: 3/3
   283 | D:1      | Reached skill level 5 in Hexes
   422 | D:1      | Reached XP level 2. HP: 19/19 MP: 4/4
  1090 | D:2      | Reached XP level 3. HP: 17/24 MP: 6/6
  1099 | D:2      | Reached skill level 6 in Hexes
  1526 | D:3      | Identified a +0 rod of destruction (14/14) (You found it on level 3 of the Dungeon)
  1858 | D:3      | Reached XP level 4. HP: 30/30 MP: 7/7
  1862 | D:3      | Learned a level 2 spell: Ensorcelled Hibernation
  2146 | D:4      | Noticed an ogre
  2208 | D:4      | Reached skill level 7 in Hexes
  2394 | D:4      | Killed an ogre
  2394 | D:4      | Reached skill level 8 in Hexes
  2394 | D:4      | Reached XP level 5. HP: 35/35 MP: 3/9
  2509 | D:4      | Noticed an ogre
  2514 | D:4      | Killed an ogre
  2514 | D:4      | Reached skill level 5 in Stealth
  2514 | D:4      | Reached XP level 6. HP: 41/41 MP: 7/10
  2526 | D:4      | Paralysed by a giant eyeball for 3 turns
  2533 | D:4      | Paralysed by a giant eyeball for 3 turns
  2587 | D:4      | Learned a level 6 spell: Invisibility
  2651 | D:4      | Reached skill level 9 in Hexes
  2910 | D:4      | Paralysed by a giant eyeball for 2 turns
  3239 | D:5      | Entered Level 5 of the Dungeon
  3641 | D:5      | Reached skill level 10 in Hexes
  3662 | D:5      | Reached XP level 7. HP: 46/46 MP: 0/12
  4143 | D:5      | Reached skill level 11 in Hexes
  4379 | D:6      | Found a staircase to the Ecumenical Temple.
  4388 | Temple   | Entered the Ecumenical Temple
  4553 | Temple   | Became a worshipper of Ashenzari the Shackled
  4635 | D:6      | Reached skill level 12 in Hexes
  4658 | D:6      | Found Ucrosah's Antique Armour Emporium.
  4662 | D:6      | Bought a pair of boots for 34 gold pieces
  4662 | D:6      | Bought a cloak for 23 gold pieces
  4662 | D:6      | Bought a wizard hat for 57 gold pieces
  4662 | D:6      | Bought a runed robe for 16 gold pieces
  4965 | D:6      | Reached XP level 8. HP: 46/52 MP: 10/13
  5155 | D:6      | Learned a level 2 spell: Sure Blade
  6132 | D:7      | Reached skill level 13 in Hexes
  6604 | D:8      | Noticed Mygna's ghost (experienced GrSk)
  6636 | D:8      | Killed Mygna's ghost
  6636 | D:8      | Reached XP level 9. HP: 33/57 MP: 7/18
  6639 | D:8      | Found a shimmering altar of Xom.
  6639 | D:8      | Found a bloodstained altar of Trog.
  6639 | D:8      | Found a radiant altar of Vehumet.
  6643 | D:8      | Reached skill level 14 in Hexes
  6774 | D:8      | Reached skill level 10 in Stealth
  6796 | D:8      | Learned a level 3 spell: Confuse
  7225 | D:8      | Reached skill level 15 in Hexes
  7238 | D:8      | Reached XP level 10. HP: 60/63 MP: 12/21
  7296 | D:8      | Reached skill level 5 in Spellcasting
  7730 | D:8      | Learned a level 4 spell: Enslavement
  7840 | D:8      | Found a snail-covered altar of Cheibriados.
  7841 | D:8      | Found a glowing silver altar of Zin.
  7844 | D:8      | Found a basalt altar of Yredelemnul.
  7845 | D:8      | Found a blossoming altar of Fedhas.
  8037 | D:9      | Noticed Blork the orc
  8043 | D:9      | Killed Blork the orc
  8102 | D:9      | Acquired Ashenzari's first power
  8321 | D:9      | Noticed a hill giant
  8329 | D:9      | Killed a hill giant
  8329 | D:9      | Reached skill level 16 in Hexes
  8474 | D:10     | Entered Level 10 of the Dungeon
  8648 | D:10     | Reached skill level 5 in Short Blades
  8820 | D:10     | Found a staircase to the Orcish Mines.
  8922 | D:10     | Reached XP level 11. HP: 68/68 MP: 18/23
  9010 | D:10     | Reached skill level 17 in Hexes
  9011 | D:10     | Found a staircase to the Lair.
  9825 | Lair:1   | Entered Level 1 of the Lair of Beasts
  9903 | Lair:1   | Reached skill level 18 in Hexes
  9948 | Lair:1   | Acquired Ashenzari's second power
 10035 | Lair:1   | Noticed a four-headed hydra
 10041 | Lair:1   | Killed a four-headed hydra
 10869 | Lair:2   | Found a deep blue altar of Sif Muna.
 11601 | Lair:2   | Reached skill level 15 in Stealth
 11668 | Lair:3   | Acquired Ashenzari's third power
 11694 | Lair:3   | Found a hole to the Spider Nest.
 12215 | Lair:3   | Reached skill level 19 in Hexes
 12215 | Lair:3   | Reached XP level 12. HP: 74/74 MP: 21/24
 13041 | Lair:3   | Learned a level 3 spell: Regeneration
 13077 | Lair:4   | Noticed a six-headed hydra
 13133 | Lair:4   | Killed a six-headed hydra
 13682 | Lair:4   | Found a staircase to the Shoals.
 13742 | Lair:4   | Reached skill level 20 in Hexes
 13853 | Lair:4   | Acquired Ashenzari's fourth power
 14845 | Lair:6   | Noticed Egregious' ghost (mighty TeFi)
 15187 | Lair:6   | Reached skill level 1 in Charms
 15841 | Lair:6   | Killed Egregious' ghost
 16548 | Lair:7   | Reached XP level 13. HP: 79/79 MP: 20/25
 16582 | Lair:7   | Reached skill level 21 in Hexes
 17505 | Lair:8   | Entered Level 8 of the Lair of Beasts
 17802 | Lair:8   | Gained mutation: You have a somewhat thin skeletal structure (Dex +2, Stlth). [potion of beneficial mutation]
 18727 | Lair:8   | Reached skill level 5 in Charms
 18923 | Lair:8   | Reached skill level 22 in Hexes
 19027 | Shoals:1 | Entered Level 1 of the Shoals
 20898 | Shoals:2 | Reached XP level 14. HP: 85/85 MP: 26/26
 21091 | Shoals:2 | Noticed a kraken
 21186 | Shoals:2 | Killed a kraken
 22614 | Shoals:2 | Reached skill level 23 in Hexes
 24349 | Shoals:3 | Noticed Donald
 24638 | Shoals:3 | Killed Donald
 24964 | Shoals:4 | Found Lydwoz's Weapon Shop.
 25239 | Shoals:4 | Found Yzxenuno's Gadget Shop.
 25257 | Shoals:4 | Reached skill level 24 in Hexes
 25465 | Shoals:4 | Found Imaprih's Magic Scroll Emporium.
 25614 | Shoals:4 | Noticed Frances
 25650 | Shoals:4 | Noticed a kraken
 25875 | Shoals:4 | Killed Frances
 25875 | Shoals:4 | Reached XP level 15. HP: 82/90 MP: 14/27
 27020 | Shoals:5 | Entered Level 5 of the Shoals
 27025 | Shoals:5 | Learned a level 3 spell: Dazzling Spray
 27036 | Shoals:5 | Noticed Polyphemus
 27039 | Shoals:5 | Killed Polyphemus
 27046 | Shoals:5 | Identified the cursed -5 leather armour of the Snake Pit {+Blink rN+ Int+2}
 27049 | Shoals:5 | Noticed Ilsuiw
 27300 | Shoals:5 | Killed Ilsuiw
 27324 | Shoals:5 | Identified the ring of Dydd {rF+ MR}
 27333 | Shoals:5 | Reached skill level 25 in Hexes
 27518 | Shoals:5 | Reached skill level 10 in Charms
 27544 | Shoals:5 | Noticed Rupert
 27679 | Shoals:5 | Identified the cursed +3,-2 cutlass of Sin {slice, +Rage rF+ MR+}
 27796 | Shoals:5 | Hit by a tomahawk thrown by a merfolk

Action                   |  1- 3 |  4- 6 |  7- 9 | 10-12 | 13-15 || total
-------------------------+-------+-------+-------+-------+-------++-------
Melee: Dagger            |   199 |   175 |   208 |   475 |   545 ||  1602
       Cutlass           |       |       |     4 |       |       ||     4
       Unarmed           |       |       |       |       |     2 ||     2
Throw: Dart              |     4 |       |       |     2 |       ||     6
 Cast: Corona            |    11 |     7 |     3 |     3 |    13 ||    37
       Ensorcelled Hiber |       |    30 |    62 |   146 |   206 ||   444
       Invisibility      |       |       |     6 |    20 |    22 ||    48
       Sure Blade        |       |       |     7 |    11 |    19 ||    37
       Confuse           |       |       |       |    32 |    29 ||    61
 Abil: Bat Form          |       |       |       |       |    17 ||    17
       End Transformatio |       |       |       |       |    16 ||    16
Evoke: Wand              |       |       |     1 |    13 |     4 ||    18
  Use: Potion            |     5 |       |       |     6 |     8 ||    19
       Scroll            |     1 |       |    27 |    26 |     8 ||    62
 Stab: Sleeping          |     6 |    30 |    77 |   219 |   201 ||   533
       Distracted        |     1 |     2 |     2 |     5 |     3 ||    13
       Invisible         |       |       |    28 |    32 |    44 ||   104
       Confused          |       |       |       |     5 |     2 ||     7
       Paralysed         |       |       |       |     1 |       ||     1
